 Dungeon Crawl Stone Soup version 0.30.0-30-g96aa6591b8 (webtiles) character file.

Game seed: 4540369032675743611

49 Sopeez the Chopper (level 3, -4/30 (33) HPs)
             Began as a Hill Orc Berserker on June 26, 2023.
             Was a Believer of Trog.
             Killed from afar by Terence (7 damage)
             ... with a puff of flame
             ... on level 3 of the Dungeon.
             The game lasted 00:07:30 (1065 turns).

Sopeez the Chopper (Hill Orc Berserker)             Turns: 1065, Time: 00:07:30

HP:   -4/30 (33)    AC:  6    Str: 21    XL:     3   Next: 75%
MP:   3/3           EV: 11    Int:  7    God:    Trog [**....]
Gold: 105           SH:  0    Dex: 10    Spells: 2/2 levels left

rFire   . . .        a - +0 hand axe
rCold   . . .        (no shield)
rNeg    . . .        d - +0 ring mail
rPois   .            c - +0 helmet
rElec   .            (no cloak)
rCorr   .            (no gloves)
SInv    .            (no boots)
Will    +++..        (no amulet) Stlth
                     h - ring of willpower
HPRegen 1.25/turn    (no ring)
MPRegen 0.08/turn

%: no passive effects
@: strong-willed, regenerating, drained
A: no striking features
a: Renounce Religion, Berserk, Trog's Hand


You were on level 3 of the Dungeon.
You worshipped Trog.
Trog was pleased with you.
You visited 1 branch of the dungeon, and saw 3 of its levels.

You collected 105 gold pieces.

Inventory:

Hand Weapons
 a - a +0 hand axe (weapon)
Armour
 c - a +0 helmet (worn)
 d - a +0 ring mail (worn)
Jewellery
 h - a ring of willpower (left hand)
Scrolls
 b - 2 scrolls of identify {unknown}
 f - a scroll of brand weapon {unknown}
 i - a scroll of blinking {unknown}
 l - a scroll of vulnerability {unknown}
 m - a scroll of poison {unknown}
 n - a scroll of enchant weapon {unknown}
Potions
 e - 2 potions of curing {unknown}
 g - a potion of degeneration {unknown}
 j - a potion of attraction {unknown}
 k - a potion of brilliance {unknown}


   Skills:
 + Level 4.1 Fighting
 + Level 5.0 Axes
 + Level 2.8 Armour
 + Level 1.9 Dodging


You had 2 spell levels left.
You didn't know any spells.
Your spell library contained the following spells:

 Spells                   Type           Power      Damage    Failure   Level
 Stone Arrow              Conj/Erth      0%         3d7       92%         3
 Animate Armour           Summ/Erth      0%         N/A       100%        4
 Lehudib's Crystal Spear  Conj/Erth      0%         10d2      100%        8


Dungeon Overview and Level Annotations

Branches:
Dungeon (3/15)

Altars:

Annotations:
D:3 Terence


Message History

The orc is severely wounded.
The orc completely misses you.
You hit the orc.
The orc is almost dead.
The orc closely misses you.
You closely miss the orc.
The orc is almost dead.
The orc barely misses you.
You hit the orc.
You kill the orc!
Trog accepts your kill.
Your Axes skill increases to level 5!
Things that are here:
a +0 dagger; an orc corpse
Found a stone staircase leading down.
Found a scroll labelled XOUNEI SINAT.
n - a scroll labelled XOUNEI SINAT
Found a stone staircase leading down.
You hear the slow rusting of a very distant drain.
Found a coppery potion.
Terence the Incautious comes into view.
He is wielding a +1 flail of draining and carrying a wand of flame (26).
Terence shouts!
Terence zaps a wand.
The puff of flame hits you.
You see here a coppery potion.
You start resting.
Terence is nearby!
Terence barely misses you.
You hit Terence but do no damage.
Terence hits you with a +1 flail of draining!
You feel drained.
You barely miss Terence.
Terence hits you with a +1 flail of draining.
You feel drained.
You barely miss Terence. You punch Terence, but do no damage.
Terence zaps a wand.
The puff of flame hits you!
* * * LOW HITPOINT WARNING * * *
Your skin crawls.
You feel strong-willed.
Terence zaps a wand.
The puff of flame hits you!
You die...

#.# ## ##.### ..#
.###.... ..# @.#
...#..# #.# ..
>#.#..# #.# ..
......### #.# .#
##.##...###.# .#
...####..##.##++##.#
#### ##..#.....@@.#
##.........##
###########


You could see Terence.

Vanquished Creatures
  Robin (D:2)
  A dart slug (D:2)
  An orc (D:3)
  2 endoplasms (D:2)
  6 goblins
  2 hobgoblins (D:2)
  4 kobolds
  4 ball pythons
  5 bats
  3 frilled lizards
  4 rats
33 creatures vanquished.

Notes
Turn   | Place    | Note
-------+----------+-------------------------------------------
     0 | D:1      | Sopeez the Hill Orc Berserker began the quest for the Orb.
     0 | D:1      | Reached XP level 1. HP: 19/19 MP: 1/1
   266 | D:1      | Reached XP level 2. HP: 27/27 MP: 2/2
   672 | D:2      | Found a faded altar of an unknown god.
   722 | D:2      | Noticed Robin
   731 | D:2      | Reached ** piety under Trog
   738 | D:2      | Reached XP level 3. HP: 25/33 MP: 3/3
   749 | D:2      | Killed Robin
  1005 | D:3      | Reached skill level 5 in Axes
  1054 | D:3      | Noticed Terence
  1064 | D:3      | HP: 1/30 [Terence/puff of flame (9)]
  1065 | D:3      | Killed from afar by Terence

Illustrated notes

Levels and vault maps discovered:
D:1:      matt_arrival_los_fun, layout_basic
D:2:      layout_loops_ring, basic_ecumenical_altar, uniq_robin
D:3:      layout_loops_ring, general_overflow_altar, gup_sewer_entry_pipe,
          uniq_terence

Skill      XL: |  1  2  3 |
---------------+----------+-----
Fighting       | 4 |  4.1
Axes           | 5 |  5.0
Armour         | |  2.8
Dodging        | |  1.9

Action                     || total
---------------------------++-------
  Melee: Hand axe          ||   107
         Punch             ||     1
 Invoke: Trog's Hand       ||     2
 Armour: Ring mail         ||    36
         Animal skin       ||     2
  Dodge: Dodged            ||    69
